 Dungeon Crawl Stone Soup version 0.20-a0-502-g555d78b (webtiles) character file.

41329 dvd the Bewitcher (level 13, -5/60 HPs)
             Began as a Felid Enchanter on Jan 17, 2017.
             Was a High Priest of Sif Muna.
             Killed from afar by a battlesphere (9 damage)
             ... created by a tengu reaver
             ... on level 13 of the Dungeon on Jan 20, 2017.
             The game lasted 02:37:55 (32178 turns).

dvd the Bewitcher (Felid Enchanter)                Turns: 32178, Time: 02:37:55

Health: -5/60      AC:  4    Str:  4    XL:     13   Next: 79%
Magic:  2/26       EV: 21    Int: 22    God:    Sif Muna [*****.]
Gold:   1945       SH:  0    Dex: 18    Spells: 4/34 levels left
                                        Lives:  0   Deaths: 4

rFire    + . .     SeeInvis +     - Unarmed
rCold    + . .     Gourm    .   (armour unavailable)
rNeg     . . .     Faith    .   (shield unavailable)
rPois    +         Spirit   .   (helmet unavailable)
rElec    .         Reflect  .   (cloak unavailable)
rCorr    .         Harm     .   (gloves unavailable)
MR       +....                  (boots unavailable)
Stlth    +++++++...             f - amulet of magic regeneration
Regen    1.2/turn               t - ring of poison resistance
                                F - ring of protection from fire

@: very slightly contaminated, regenerating (expiring), repel missiles, quick
A: no armour, no weapons or thrown items, stealth, claws 1, fangs 3, rugged
brown scales 1, see invisible, carnivore 3, clever 1, speed 1, low mp 1, sense
surroundings 1, shaggy fur 3, slow metabolism 1, sharp paws
a: Divine Energy, Channel Magic, Forget Spell, Renounce Religion


You were on level 13 of the Dungeon.
You worshipped Sif Muna.
Sif Muna was extremely pleased with you.
You were completely stuffed.

You visited 4 branches of the dungeon, and saw 22 of its levels.
You also visited: Labyrinth.

You collected 2055 gold pieces.
You spent 110 gold pieces at shops.

Inventory:

Jewellery
 f - an amulet of magic regeneration (around neck)
 t - a ring of poison resistance (right paw)
 F - a ring of protection from fire (left paw)
 G - an uncursed ring of magical power
 Q - an uncursed ring of wizardry
Wands
 d - a wand of confusion (22/48)
 i - a wand of confusion (21/48)
 j - a wand of iceblast (12/15)
 m - a wand of iceblast (3/15)
 n - a wand of lightning (8/15)
 o - a wand of disintegration (5/24)
 s - a wand of iceblast (12/15)
 I - a wand of disintegration (10/24)
 J - a wand of disintegration (11/24)
 R - a wand of lightning (5/15)
 T - a wand of enslavement (7/24)
 V - a wand of acid (11/15)
 W - a wand of digging (7/24)
 X - a wand of digging (8/24)
Scrolls
 c - 2 scrolls of blinking
 l - 10 scrolls of identify
 p - 3 scrolls of magic mapping
 x - 8 scrolls of teleportation
 y - 2 scrolls of amnesia
 A - 6 scrolls of remove curse
 K - a scroll of fog
 N - 4 scrolls of summoning
Potions
 g - 7 potions of curing
 v - 3 potions of agility
 C - a potion of cancellation
 L - 3 potions of haste
 P - a potion of brilliance
 U - 2 potions of heal wounds
 Y - a potion of ambrosia
 Z - 2 potions of cure mutation
Books
 a - a book of Maledictions

   Spells                             Type                      Level
   a - Corona                         Hexes                        1
   b - Ensorcelled Hibernation        Hexes/Ice                    2
   c - Confuse                        Hexes                        3
   d - Tukima's Dance                 Hexes                        3
   e - Dazzling Spray                 Conjuration/Hexes            3
 e - Sif Muna's Guide on Blistering Companions
   (Sif Muna gifted it to you on level 1 of the Orcish Mines)

   Spells                             Type                      Level
   a - Inner Flame                    Hexes/Fire                   3
   b - Summon Guardian Golem          Hexes/Summoning              3
   c - Call Canine Familiar           Summoning                    3
   d - Summon Demon                   Summoning                    5
   e - Shadow Creatures               Summoning                    6
   f - Monstrous Menagerie            Summoning                    7
 k - a book of Conjurations

   Spells                             Type                      Level
   a - Magic Dart                     Conjuration                  1
   b - Searing Ray                    Conjuration                  2
   c - Dazzling Spray                 Conjuration/Hexes            3
   d - Fulminant Prism                Conjuration/Hexes            4
   e - Iskenderun's Mystic Blast      Conjuration                  4
   f - Iskenderun's Battlesphere      Conjuration/Charms           5
 q - a book of the Dragon

   Spells                             Type                      Level
   a - Flame Tongue                   Conjuration/Fire             1
   b - Cause Fear                     Hexes                        4
   c - Bolt of Fire                   Conjuration/Fire             6
   d - Dragon Form                    Transmutation                7
   e - Dragon's Call                  Summoning                    9
 r - a book of Necromancy

   Spells                             Type                      Level
   a - Pain                           Necromancy                   1
   b - Animate Skeleton               Necromancy                   1
   c - Vampiric Draining              Necromancy                   3
   d - Regeneration                   Charms/Necromancy            3
   e - Animate Dead                   Necromancy                   4
   f - Control Undead                 Necromancy                   4
 w - Vykkun's Guide on Poison and Attacks
   (Sif Muna gifted it to you on level 13 of the Dungeon)

   Spells                             Type                      Level
   a - Sting                          Conjuration/Poison           1
   b - Static Discharge               Conjuration/Air              3
   c - Olgreb's Toxic Radiance        Poison                       4
   d - Venom Bolt                     Conjuration/Poison           5
 B - a book of Burglary

   Spells                             Type                      Level
   a - Swiftness                      Charms/Air                   2
   b - Passwall                       Transmutation/Earth          2
   c - Passage of Golubria            Translocation                4
   d - Lee's Rapid Deconstruction     Earth                        5
   e - Darkness                       Hexes                        6
   f - Invisibility                   Hexes                        6
 D - Sif Muna's Guide on Quantum Confrontation
   (Sif Muna gifted it to you on level 2 of the Lair of Beasts)

   Spells                             Type                      Level
   a - Shock                          Conjuration/Air              1
   b - Apportation                    Translocation                1
   c - Searing Ray                    Conjuration                  2
   d - Gell's Gravitas                Hexes/Translocation          3
   e - Orb of Destruction             Conjuration                  7
 H - Sif Muna's Collected Works on Shifting Attacks
   (Sif Muna gifted it to you on level 11 of the Dungeon)

   Spells                             Type                      Level
   a - Force Lance                    Conjuration/Translocation    4
   b - Lightning Bolt                 Conjuration/Air              5
   c - Alistair's Intoxication        Transmutation/Poison         5
   d - Bolt of Fire                   Conjuration/Fire             6
   e - Chain Lightning                Conjuration/Air              8
 S - Sif Muna's Collected Works on Summoning and the Glacier
   (Sif Muna gifted it to you in a labyrinth)

   Spells                             Type                      Level
   a - Freeze                         Ice                          1
   b - Summon Small Mammal            Summoning                    1
   c - Ozocubu's Armour               Charms/Ice                   3
   d - Metabolic Englaciation         Hexes/Ice                    5
   e - Summon Forest                  Summoning/Translocation      5
   f - Summon Hydra                   Summoning                    7
Miscellaneous
 O - a lightning rod (4/4)
Comestibles
 b - 4 meat rations
 h - 4 slices of pizza
 u - 12 royal jellies
 z - 20 beef jerkies


   Skills:
 * Level 8.5 Fighting
 + Level 5.5 Dodging
 + Level 17.0 Stealth
 + Level 9.1 Unarmed Combat
 + Level 11.3 Spellcasting
 + Level 2.2 Conjurations
 * Level 20.1 Hexes
 * Level 3.9 Charms
 + Level 1.1 Necromancy
 + Level 4.1 Translocations
 + Level 6.0 Ice Magic


You had 4 spell levels left.
You knew the following spells:

 Your Spells              Type           Power        Failure   Level  Hunger
a - Metabolic Englaciati  Hex/Ice        ######....   1%          5    ####...
b - Ensorcelled Hibernat  Hex/Ice        ######       1%          2    None
c - Confuse               Hex            #######.     0%          3    None
d - Dazzling Spray        Conj/Hex       ######       1%          3    None
e - Tukima's Dance        Hex            #######.     0%          3    None
f - Fulminant Prism       Conj/Hex       ######....   1%          4    None
g - Blink                 Tloc           N/A          1%          2    None
h - Regeneration          Chrm/Necr      ###.......   8%          3    None
i - Repel Missiles        Chrm/Air       ###...       4%          2    None
j - Ozocubu's Armour      Chrm/Ice       ####....     1%          3    None


Dungeon Overview and Level Annotations

Branches:
Dungeon (13/15)            Temple (1/1) D:4            Lair (6/6) D:8
  Swamp (0/4) Lair:2       Spider (0/4) Lair:3        Slime (0/5) Lair:5
    Orc (2/2) D:10            Elf (0/3) Orc:2        Vaults (0/5) D:13

Altars:
Ashenzari
Cheibriados
Dithmenos
Elyvilon
Fedhas
Gozag
Hepliaklqana
Kikubaaqudgha
Makhleb
Nemelex Xobeh
Okawaru
Qazlal
Ru
Sif Muna
Trog
Uskayaw
Vehumet
Xom
Yredelemnul
Zin
The Shining One
Beogh

Shops:
D:9 *   Orc:2 =:!(

Annotations:
Lair:6 exclusion: oklob plant


Innate Abilities, Weirdness & Mutations

You cannot wear armour.
You are incapable of wielding weapons or throwing items.
Your paws allow you to move quietly. (Stealth)
You have sharp claws.
You have razor-sharp teeth.
You have supernaturally acute eyesight. (SInv)
You are carnivorous and can eat meat at any time.
You cover ground quickly.
Your thick and shaggy fur keeps you warm. (AC +3, rC+)
You have a slow metabolism.
Your sharp claws are effective at attacking unaware monsters.
You are partially covered in rugged brown scales. (AC +1, +3% HP)
Your mind is acute. (Int +2)
Your magical capacity is low. (-10% MP)
You passively map a small area around you.


Message History

The tengu reaver resists with almost no effort.
The tengu reaver closely misses you.
The tengu reaver pecks you but does no damage.
The tengu reaver claws you.
* * * LOW HITPOINT WARNING * * *
Blink to where?
Press: ? - help, Dir - move target cursor, p - tengu reaver You are very lightly contaminated with residual magic.
As you read the scroll of blinking, it crumbles to dust.
Unknown command.
Casting: Confuse
Confirm with . or Enter, or press ? or * to list all spells.
Your skin crawls.
All of the chunks of flesh in your inventory have rotted away.
Your skin is crawling a little less now.
The tengu reaver points at you and mumbles some strange words.
The fireball explodes!
The fireball engulfs you! You resist.
* * * LOW HITPOINT WARNING * * *
The battlesphere fires!
The barrage of energy hits you!
You die...

#######..#### #...........#
############ #...........#
#..........# #...######..#
#..........#
#...#....#..######..........#
#...#....#..................#
#...#....#..................#
....####'#...)..............#
................@.....*.....#
...).......##########.Q.....#
###........#,.......#.......#
..#.......>#,.......#Q......#
..'........# .......'.......#
..#........########'#.......#
###.#####................####
#...#...'................#
#...#...#..).............#


You could see a tengu reaver and a battlesphere.

Vanquished Creatures
  2 orc warlords
  A minotaur (Lab)
  Josephine (Lair:6)
  2 ogre magi (Orc:1)
  6 hydras
  2 vault guards (D:13)
  2 centaur warriors
  5 two-headed ogres
  Sonja (Orc:2)
  A necromancer (D:9)
  A wolf spider zombie (D:13)
  3 orc sorcerers
  4 ugly things
  6 cyclopes (D:13)
  9 black mambas
  Maurice (D:12)
  A manticore (D:12)
  11 elephants
  2 gargoyles (D:13)
  An eye of devastation (Lair:5)
  3 rime drakes
  18 spiny frogs
  13 komodo dragons
  A kobold demonologist (D:13)
  3 jumping spiders (Lair:3)
  13 polar bears
  4 trolls
  6 dream sheep (Lair:4)
  4 raiju (Lair:6)
  10 hippogriffs
  4 flying skulls (D:9)
  Sigmund (D:4)
  5 redbacks
  3 shadows
  A vampire (D:13)
  A spriggan (Lair:4)
  3 wyverns
  9 wraiths
  28 yaks
  6 basilisks
  A hungry ghost (D:11)
  5 wargs
  A vampire mosquito (D:13)
  A soldier ant (D:13)
  13 hell hounds (Lair:6)
  13 water moccasins
  7 porcupines
  4 ice beasts
  4 sky beasts
  11 orc warriors
  13 black bears
  An eye of draining (Lair:5)
  6 ogres
  26 wolves
  11 centaurs
  13 crocodiles
  3 big kobolds
  13 bullfrogs
  A wyvern zombie (D:9)
  A wyvern skeleton (D:10)
  A water moccasin skeleton (D:10)
  A scorpion (D:6)
  4 wights
  A killer bee (D:13)
  7 electric eels (Lair:3)
  8 crimson imps
  3 howler monkeys
  6 bullfrog zombies
  4 quasits
  12 hounds
  5 centaur zombies
  13 orc priests
  10 jellies
  4 centaur skeletons
  11 iguanas
  7 bullfrog skeletons
  19 orc wizards
  13 worker ants
  2 hell rats (D:8)
  A killer bee zombie (D:9)
  3 hound zombies
  2 hound skeletons
  4 worker ant zombies
  6 gnolls
  20 adders
  A howler monkey skeleton (D:10)
  10 river rats (D:8)
  3 shadow imps
  5 oozes (D:9)
  An adder skeleton (D:9)
  An adder zombie (D:9)
  3 worms
  2 dart slugs (D:1)
  6 leopard geckos
  87 orcs
  6 giant cockroaches
  2 goblins (D:1)
  5 hobgoblins
  10 jackals
  14 kobolds
  10 quokkas
  2 ball pythons
  8 bats
  9 frilled lizards
  A giant cockroach zombie (D:6)
  A jackal zombie (D:9)
  2 leopard gecko skeletons
  2 leopard gecko zombies
  2 quokka skeletons
  A quokka zombie (D:9)
  22 rats
  2 fungi
  2 plants
733 creatures vanquished.

Vanquished Creatures (collateral kills)
  3 vault guards (D:13)
  Harold (Lair:2)
  2 ogre magi (Orc:2)
  A centaur warrior (D:12)
  13 two-headed ogres
  Urug (Lair:2)
  A troll (Orc:2)
  A vampire (D:12)
  A warg (Orc:1)
  22 orc warriors
  A centaur (D:12)
  23 ogres
  A bullfrog (Lair:2)
  A gnoll sergeant (D:9)
  7 wights
  11 orc priests
  11 orc wizards
  A gnoll (D:9)
  37 orcs
139 creatures vanquished.

Vanquished Creatures (others)
  15 dancing weapons
  A centaur (D:13)
  An orc wizard (D:4)
  An orc (D:4)
  37 fulminant prisms
  3 fungi
  20 plants
78 creatures vanquished.

Grand Total: 950 creatures vanquished

Notes
Turn   | Place    | Note
-------+----------+-------------------------------------------
     0 | D:1      | dvd the Felid Enchanter began the quest for the Orb.
     0 | D:1      | Reached XP level 1. HP: 7/7 MP: 4/4
   627 | D:1      | Reached XP level 2. HP: 11/11 MP: 6/6
   664 | D:1      | Learned a level 2 spell: Ensorcelled Hibernation
  1263 | D:1      | Reached XP level 3. HP: 14/14 MP: 7/7
  1581 | D:2      | Learned a level 3 spell: Confuse
  1870 | D:2      | Reached skill level 5 in Hexes
  1870 | D:2      | Reached skill level 1 in Ice Magic
  2627 | D:2      | Reached XP level 4. HP: 18/18 MP: 2/8
  3274 | D:2      | Reached skill level 5 in Stealth
  4137 | D:3      | Reached XP level 5. HP: 18/21 MP: 7/10
  4582 | D:3      | Learned a level 3 spell: Dazzling Spray
  4624 | D:4      | Noticed Sigmund
  4642 | D:4      | Killed Sigmund
  4642 | D:4      | Gained mutation: You are covered in thick fur. (AC +2) [Felid growth]
  4642 | D:4      | Reached XP level 6. HP: 24/24 MP: 6/11
  4950 | D:4      | Found a staircase to the Ecumenical Temple.
  4955 | D:4      | Reached skill level 6 in Hexes
  4965 | Temple   | Entered the Ecumenical Temple
  5166 | Temple   | Became a worshipper of Sif Muna the Loreminder
  5321 | D:4      | You fall through a shaft for 3 floors!
  5396 | D:6      | Noticed an orc warrior
  5451 | D:7      | Reached XP level 7. HP: 27/27 MP: 5/13
  5523 | D:6      | Learned a level 3 spell: Tukima's Dance
  5944 | D:5      | Entered Level 5 of the Dungeon
  6767 | D:4      | Reached skill level 7 in Hexes
  6860 | D:4      | Reached * piety under Sif Muna
  7387 | D:5      | Reached XP level 8. HP: 31/31 MP: 8/15
  7440 | D:5      | Reached skill level 1 in Fighting
  7593 | D:5      | Killed from afar by a shadow imp
  7594 | D:5      | Reached XP level 7. HP: 0/28 MP: 1/14
  8690 | D:6      | Reached skill level 8 in Hexes
  8690 | D:6      | Reached XP level 8. HP: 24/33 MP: 14/16
  8722 | D:6      | Killed from afar by an orc wizard
  8723 | D:6      | Reached XP level 7. HP: -1/30 MP: 12/15
  8999 | D:6      | Reached ** piety under Sif Muna
  9094 | D:6      | Reached skill level 5 in Spellcasting
  9296 | D:6      | Reached XP level 8. HP: 34/34 MP: 16/16
  9341 | D:6      | Reached skill level 9 in Hexes
  9711 | D:7      | Gained mutation: Your magical capacity is low. (-10% MP) [potion of mutation]
  9711 | D:7      | Gained mutation: You are partially covered in rugged brown scales. (AC +1, +3% HP) [potion of mutation]
  9711 | D:7      | Gained mutation: Your body sometimes deteriorates upon taking damage. [potion of mutation]
  9712 | D:7      | Gained mutation: You have a pair of small horns on your head. [potion of mutation]
  9712 | D:7      | Gained mutation: Your body often deteriorates upon taking damage. [potion of mutation]
  9713 | D:7      | Gained mutation: You possess an exceptional clarity of mind. [potion of mutation]
  9713 | D:7      | Gained mutation: You are partially covered in molten scales. (AC +2) [potion of mutation]
  9794 | D:7      | Reached skill level 1 in Conjurations
  9846 | D:7      | Reached skill level 10 in Stealth
 10059 | D:7      | Noticed a hippogriff
 10091 | D:7      | Killed a hippogriff
 10499 | D:7      | Found a shadowy altar of Dithmenos.
 10504 | D:7      | Found an iron altar of Okawaru.
 10508 | D:7      | Found a blossoming altar of Fedhas.
 10548 | D:8      | Found a staircase to the Lair.
 10549 | D:8      | Noticed a komodo dragon
 10776 | D:8      | Reached skill level 10 in Hexes
 10776 | D:8      | Reached XP level 9. HP: 38/40 MP: 2/16
 10885 | D:8      | Reached skill level 5 in Unarmed Combat
 11097 | D:8      | Noticed a two-headed ogre
 11104 | D:8      | Killed a two-headed ogre
 11151 | D:8      | Reached skill level 11 in Hexes
 11160 | D:8      | Reached *** piety under Sif Muna
 11557 | D:8      | Killed a komodo dragon
 11592 | D:8      | Reached skill level 5 in Fighting
 11878 | D:9      | Noticed a two-headed ogre
 11882 | D:9      | Reached XP level 10. HP: 45/45 MP: 18/18
 11893 | D:9      | Killed a two-headed ogre
 12000 | D:9      | Noticed a centaur warrior
 12008 | D:9      | Killed a centaur warrior
 12140 | D:9      | Reached skill level 12 in Hexes
 12498 | D:9      | Noticed a necromancer
 12513 | D:9      | Killed a necromancer
 12542 | D:9      | Found Rig Leza's Serpentskin Sales.
 12678 | D:9      | Reached **** piety under Sif Muna
 12865 | D:9      | Noticed a two-headed ogre
 12870 | D:10     | Entered Level 10 of the Dungeon
 13265 | D:10     | Reached XP level 11. HP: 25/49 MP: 4/20
 13277 | D:10     | Reached skill level 13 in Hexes
 13806 | D:10     | Found a staircase to the Orcish Mines.
 14254 | D:9      | Killed a two-headed ogre
 14625 | D:9      | Learned a level 6 spell: Invisibility
 15604 | D:10     | Learned a level 4 spell: Fulminant Prism
 15861 | D:10     | Gained mutation: Your thick and shaggy fur keeps you warm. (AC +3, rC+) [potion of beneficial mutation]
 15862 | D:10     | Gained mutation: Your spells are a little harder to cast, but a little more powerful. [potion of beneficial mutation]
 15999 | D:11     | Reached skill level 14 in Hexes
 16001 | D:11     | Reached ***** piety under Sif Muna
 16146 | D:11     | Lost mutation: Your body often deteriorates upon taking damage. [mutagenic meat]
 16147 | D:11     | Gained mutation: Your mind is acute. (Int +2) [mutagenic meat]
 16148 | D:11     | Lost mutation: You possess an exceptional clarity of mind. [mutagenic meat]
 16149 | D:11     | Gained mutation: You passively map a small area around you. [mutagenic meat]
 16150 | D:11     | Gained mutation: Your mind is very acute. (Int +4) [mutagenic meat]
 16183 | D:11     | Noticed a red ugly thing
 16188 | D:11     | Killed a red ugly thing
 16464 | D:11     | Noticed a green ugly thing
 16467 | D:11     | Identified Sif Muna's Collected Works on Shifting Attacks (Sif Muna gifted it to you on level 11 of the Dungeon)
 16467 | D:11     | Received a gift from Sif Muna
 16487 | D:11     | Killed a green ugly thing
 16585 | D:11     | Noticed a two-headed ogre
 16589 | D:11     | Killed a two-headed ogre
 16754 | D:11     | Learned a level 4 spell: Force Lance
 16780 | D:12     | Noticed a two-headed ogre
 16791 | D:12     | Killed a two-headed ogre
 16867 | D:12     | Noticed a brown ugly thing
 16876 | D:12     | Killed a brown ugly thing
 16876 | D:12     | Reached skill level 1 in Translocations
 16937 | D:12     | Noticed Maurice
 16944 | D:12     | Killed Maurice
 16987 | D:12     | Reached skill level 15 in Hexes
 17220 | D:12     | Mutation became permanent: Your thick and shaggy fur keeps you warm. (AC +3, rC+) [Felid growth]
 17220 | D:12     | Reached XP level 12. HP: 54/54 MP: 19/22
 17252 | D:12     | Lost mutation: Your body sometimes deteriorates upon taking damage. [potion of cure mutation]
 17252 | D:12     | Lost mutation: You are partially covered in molten scales. (AC +2) [potion of cure mutation]
 17252 | D:12     | Lost mutation: You have a pair of small horns on your head. [potion of cure mutation]
 17252 | D:12     | Lost mutation: Your spells are a little harder to cast, but a little more powerful. [potion of cure mutation]
 17252 | D:12     | Lost mutation: Your mind is very acute. (Int +4) [potion of cure mutation]
 17290 | D:12     | Noticed a centaur warrior
 17299 | D:12     | Killed a centaur warrior
 17640 | Lair:1   | Entered Level 1 of the Lair of Beasts
 18026 | Lair:1   | Noticed a seven-headed hydra
 18059 | Lair:1   | Killed a seven-headed hydra
 18392 | Lair:1   | Noticed an eight-headed hydra
 18396 | Lair:1   | Killed an eight-headed hydra
 18990 | Lair:2   | Noticed Urug
 18999 | Lair:2   | Killed Urug
 19006 | Lair:2   | Reached skill level 16 in Hexes
 19360 | Lair:2   | Found a staircase to the Swamp.
 19477 | Lair:2   | Learned a level 3 spell: Regeneration
 19504 | Lair:2   | Identified Sif Muna's Guide on Quantum Confrontation (Sif Muna gifted it to you on level 2 of the Lair of Beasts)
 19504 | Lair:2   | Received a gift from Sif Muna
 19577 | Lair:2   | Noticed Harold
 19588 | Lair:2   | Killed Harold
 19588 | Lair:2   | Reached skill level 5 in Ice Magic
 19731 | Lair:2   | Reached skill level 15 in Stealth
 19736 | Lair:2   | Reached XP level 13. HP: 57/57 MP: 24/24
 20067 | Lair:2   | Upgraded the game from 0.20-a0-494-gf50ee04 to 0.20-a0-502-g555d78b
 20453 | Lair:3   | Found a hole to the Spider Nest.
 20505 | Lair:3   | Learned a level 2 spell: Repel Missiles
 21229 | Lair:4   | Reached skill level 17 in Hexes
 22135 | Lair:4   | Reached skill level 5 in Dodging
 22468 | Lair:5   | Found a labyrinth entrance.
 22635 | Lair:5   | Reached skill level 10 in Spellcasting
 22746 | Lab      | Entered a labyrinth
 22888 | Lab      | Found an exit through the horrors of the Abyss.
 23446 | Lab      | Identified Sif Muna's Collected Works on Summoning and the Glacier (Sif Muna gifted it to you in a labyrinth)
 23446 | Lab      | Received a gift from Sif Muna
 23695 | Lab      | Noticed a minotaur
 23701 | Lab      | Killed a minotaur
 23722 | Lair:5   | Slain by an eight-headed hydra
 23723 | Lair:5   | Reached XP level 12. HP: 0/54 MP: 21/24
 23751 | Lair:5   | Reached skill level 18 in Hexes
 24039 | Lair:5   | Found a staircase to the Slime Pits.
 24248 | Lair:5   | Learned a level 2 spell: Blink
 24252 | Lair:5   | Learned a level 3 spell: Ozocubu's Armour
 24442 | Lair:5   | Killed an eight-headed hydra
 24530 | Lair:6   | Entered Level 6 of the Lair of Beasts
 24546 | Lair:6   | Reached XP level 13. HP: 57/57 MP: 22/25
 25213 | Lair:6   | Noticed Josephine
 25237 | Lair:6   | Killed Josephine
 25975 | Lair:6   | HP: 2/58 [wolf (9)]
 26933 | Lair:6   | Found a blossoming altar of Fedhas.
 27602 | Orc:1    | Entered Level 1 of the Orcish Mines
 27621 | Orc:1    | Noticed an orc warlord
 27870 | Orc:1    | Killed an orc warlord
 27870 | Orc:1    | Reached skill level 19 in Hexes
 28314 | Orc:1    | Found a roughly hewn altar of Beogh.
 28405 | Orc:2    | Entered Level 2 of the Orcish Mines
 28491 | Orc:1    | Identified Sif Muna's Guide on Blistering Companions (Sif Muna gifted it to you on level 1 of the Orcish Mines)
 28491 | Orc:1    | Received a gift from Sif Muna
 28779 | Orc:2    | Reached XP level 14. HP: 40/63 MP: 5/27
 28796 | Orc:1    | Reached skill level 1 in Charms
 29612 | Orc:2    | Noticed an orc warlord
 30080 | Orc:2    | Killed an orc warlord
 30232 | Orc:2    | Found Deasureh's Distillery.
 30232 | Orc:2    | Found Vadoej's Jewellery Shop.
 30233 | Orc:2    | Found Pinkuett's Weapon Boutique.
 30233 | Orc:2    | Found Ireqi's Book Shoppe.
 30351 | Orc:2    | Bought a potion of heal wounds for 55 gold pieces
 30351 | Orc:2    | Bought a potion of heal wounds for 55 gold pieces
 30488 | Orc:2    | Noticed Sonja
 30494 | Orc:2    | Killed Sonja
 30535 | Orc:2    | Found a staircase to the Elven Halls.
 31162 | D:13     | Reached skill level 1 in Necromancy
 31420 | D:13     | Noticed a tengu reaver
 31436 | D:13     | Killed from afar by a tengu reaver
 31437 | D:13     | Reached XP level 13. HP: -26/60 MP: 12/26
 31437 | D:13     | Found a gate to the Vaults.
 31598 | D:13     | Learned a level 5 spell: Metabolic Englaciation
 31740 | D:13     | Reached skill level 20 in Hexes
 32066 | D:13     | Identified Vykkun's Guide on Poison and Attacks (Sif Muna gifted it to you on level 13 of the Dungeon)
 32066 | D:13     | Received a gift from Sif Muna
 32178 | D:13     | Killed from afar by a battlesphere

Vault maps used:
D:1:      dpeg_arrival_three_smaller_balls, minmay_misc_feat_room,
          minmay_pentomino_v4
D:3:      minmay_misc_feat_square
D:4:      minmay_opposing_rooms, first_bread, uniq_sigmund
D:5:      minmay_diamond_boxcup, serial_bayou, serial_bayou_pond_b,
          serial_bayou_lagoon_a, serial_bayou_shore_a, serial_bayou_pond_c,
          roderic_roman_lattice, guppyfry_early_orc_mine
D:7:      grunt_temple_overflow_diamond
D:8:      lemuel_ratsnest, david_lair_shrubbed
D:9:      hangedman_screamer, hangedman_little_slice_of_home,
          grunt_ministairs_12, guppyfry_shop_venom
D:10:     hiddenorc1_lemuel
D:12:     uniq_maurice
D:13:     kennysheep_green_arena, erik_vaults_2, serial_shops,
          kennysheep_little_box
Temple:   dpeg_five_rooms_temple
Lair:1:   beast_lair_carwin_5
Lair:2:   swamp_mist, uniq_harold, uniq_urug
Lair:3:   nicolae_spider_entry_tight_spaces, serial_bayou, serial_bayou_ford_a,
          serial_bayou_pond_d, serial_bayou_shore_b, serial_bayou_lagoon_b
Lair:4:   cheibrodos_lair_caveside_slide, forest_entry_grove, grunt_megastairs_4
Lair:5:   minmay_slime_entry_eyes, lab_entry_generic, serial_bayou_crossing
Lair:6:   hangedman_lair_caniforms_friends, tgw_fedhas, uniq_josephine
Orc:1:    basic_altar, nicolae_orc_stony_grotto, rock_pile
Orc:2:    st_orc_ogre_mass, uniq_sonja
Lab:      labyrinth_watery, lab_hedge, nicolae_lab_do_over,
          nicolae_lab_starburst, labyrinth_fake_exit, nicolae_lab_arrow

Skill      XL: |  1  2  3  4  5  6  7  8  9 10 11 12 13 14 |
---------------+-------------------------------------------+-----
Dodging        | 3 4 5 |  5.5
Hexes          | 5 6 8 10 11 12 15 18 20 | 20.1
Ice Magic      | 1 2 3 4 5 6 |  6.0
Stealth        | 5 6 7 8 10 11 12 13 16 17 | 17.0
Unarmed Combat | 2 4 5 6 7 9 |  9.1
Spellcasting   | 3 5 6 8 9 10 11 | 11.3
Fighting       | 3 4 5 6 7 8 |  8.5
Conjurations   | 1 2 |  2.2
Translocations | 2 4 |  4.1
Charms         | 3 |  3.9
Necromancy     | 1 |  1.1

Action                   |  1- 3 |  4- 6 |  7- 9 | 10-12 | 13-15 || total
-------------------------+-------+-------+-------+-------+-------++-------
Melee: Unarmed           |    73 |    97 |   349 |   438 |   498 ||  1455
       Bite              |     3 |     2 |    24 |    36 |    45 ||   110
       Punch             |     1 |       |     3 |     6 |    11 ||    21
       Headbutt          |       |       |    16 |    42 |       ||    58
 Cast: Corona            |    10 |     1 |       |       |       ||    11
       Ensorcelled Hiber |    28 |    58 |    74 |   111 |   175 ||   446
       Confuse           |       |    11 |    71 |    92 |   169 ||   343
       Dazzling Spray    |       |     1 |    37 |    64 |    85 ||   187
       Tukima's Dance    |       |       |    36 |    51 |   102 ||   189
       Fulminant Prism   |       |       |       |     4 |    33 ||    37
       Invisibility      |       |       |       |     3 |     3 ||     6
       Force Lance       |       |       |       |     4 |     2 ||     6
       Regeneration      |       |       |       |     3 |    46 ||    49
       Ozocubu's Armour  |       |       |       |     1 |     8 ||     9
       Repel Missiles    |       |       |       |     1 |     3 ||     4
Invok: Divine Energy     |       |       |       |       |     5 ||     5
       Stop Divine Energ |       |       |       |       |     5 ||     5
Evoke: Wand              |       |       |       |       |    13 ||    13
  Use: Scroll            |       |     6 |     5 |     7 |    15 ||    33
       Potion            |       |       |    13 |     6 |     5 ||    24
 Stab: Sleeping          |    28 |    43 |    85 |   107 |   108 ||   371
       Confused          |       |     9 |    32 |    58 |    86 ||   185
       Invisible         |       |       |     5 |    14 |    14 ||    33
       Distracted        |       |       |       |     1 |     2 ||     3
  Eat: Chunk             |    12 |    10 |    35 |    30 |    30 ||   117
Armor: Skin              |     1 |     5 |    16 |    27 |    47 ||    96
Dodge: Dodged            |    51 |    55 |   195 |   232 |   522 ||  1055
       Deflected         |       |       |       |       |    17 ||    17
